 Dungeon Crawl Stone Soup version 0.20-a0-386-g2d247ea (console) character file.

186 HarryHood the Skirmisher (level 5, -7/54 HPs)
             Began as a Gargoyle Fighter on Dec 30, 2016.
             Killed by divine providence
             ... invoked by an orc priest
              (13 damage)
             ... on level 4 of the Dungeon.
             The game lasted 00:12:23 (2843 turns).

HarryHood the Skirmisher (Gargoyle Fighter)         Turns: 2843, Time: 00:12:23

Health: -7/54      AC: 16    Str: 24    XL:     5   Next: 65%
Magic:  5/5        EV:  4    Int:  9    God:
Gold:   137        SH: 10    Dex: 10    Spells: 4/4 levels left

rFire  + . .     SeeInvis .     e - -2 flail (curse)
rCold  + . .     Gourm    .     n - +0 plate armour
rNeg   + . .     Faith    .     c - +1 shield
rPois  ∞         Spirit   .     (no helmet)
rElec  +         Reflect  .     (no cloak)
rCorr  .         Harm     .     (no gloves)
MR     .....                    q - +0 pair of boots
Stlth  ..........               (no amulet)
                                l - ring of protection from fire
                                i - ring of protection from cold

@: berserking, very quick
A: negative energy resistance 1, electricity resistance, unbreathing,
petrification resistance, rot immunity, AC +4
a: no special abilities


You were on level 4 of the Dungeon.
You were not hungry.

You visited 1 branch of the dungeon, and saw 4 of its levels.

You collected 137 gold pieces.

Inventory:

Hand Weapons
 a - a +1 flail
 e - a cursed -2 flail (weapon)
Armour
 c - a +1 shield (worn)
 n - a +0 plate armour (worn)
 q - a +0 pair of boots (worn)
Jewellery
 i - a ring of protection from cold (left hand)
 l - a ring of protection from fire (right hand)
 o - an uncursed ring of fire
 s - a +2 ring of evasion {unknown}
Scrolls
 p - a scroll of teleportation
Potions
 b - a potion of haste
 d - 2 potions of might
 g - 2 potions of flight
 r - 2 potions of curing {@q2}
Comestibles
 f - 3 bread rations {@e1}
 h - a chunk of flesh
 j - 3 meat rations {@e1}
 m - 2 slices of pizza {@e2}


   Skills:
 - Level 6.0 Fighting
 * Level 3.3 Maces & Flails
 - Level 3.2 Armour
 - Level 3.2 Shields


You had 4 spell levels left.
You didn't know any spells.

Dungeon Overview and Level Annotations

Branches:
Dungeon (4/15)
 Temple: D:4-7

Altars:
Hepliaklqana


Innate Abilities, Weirdness & Mutations

You are resistant to torment.
Your stone body is resilient. (AC +4)
You are immune to poison.
You resist negative energy. (rN+)
You are resistant to electric shocks. (rElec)
You can survive without breathing.
You are immune to petrification.
You are immune to rotting.


Message History

It was a potion of berserk rage.
A red film seems to cover your vision as you go berserk!
You feel yourself moving faster!
You feel mighty!
The orc priest mumbles some strange prayers to Beogh against you.
Pain shoots through your body!
* * * LOW HITPOINT WARNING * * *
You block the orc warrior's attack.
You hit the orc warrior but do no damage.
The orc priest hits you but does no damage.
Your plate armour prevents you from hitting the orc warrior.
The orc warrior barely misses you.
The orc priest hits you but does no damage.
You sock the orc warrior!
The orc warrior is moderately wounded.
The orc priest barely misses you. The orc warrior closely misses you.
You closely miss the orc warrior.
The orc warrior is moderately wounded.
The orc priest mumbles some strange prayers to Beogh against you.
Beogh smites you!
You die...

.. .. #.## ..###
.o..# #o#.#
#o#.# #@#%###
#o#...# #.!...#
####..# #..###
.# ##...# #.#
#...## .. #
###..###.#####
.####....#.....#


You could see an orc warrior, an orc priest, an orc wizard and an orc.

Vanquished Creatures
  A howler monkey (D:3)
  Natasha (thrice) (D:3)
  An adder (D:3)
  2 worms (D:3)
  3 leopard geckos
  2 orcs (D:3)
  4 bats
  2 giant cockroaches
  8 goblins
  2 hobgoblins
  4 jackals
  8 kobolds
  5 frilled lizards
  10 rats
55 creatures vanquished.

Notes
Turn   | Place    | Note
-------+----------+-------------------------------------------
     0 | D:1      | HarryHood the Gargoyle Fighter began the quest for the Orb.
     0 | D:1      | Reached XP level 1. HP: 14/14 MP: 1/1
   109 | D:1      | Reached XP level 2. HP: 15/20 MP: 2/2
   234 | D:1      | Reached skill level 4 in Fighting
   869 | D:2      | Reached XP level 3. HP: 24/24 MP: 3/3
  1393 | D:3      | Reached skill level 5 in Fighting
  1393 | D:3      | Reached XP level 4. HP: 21/31 MP: 4/4
  1618 | D:3      | Noticed Natasha
  1658 | D:3      | Killed Natasha
  2029 | D:3      | Reached skill level 6 in Fighting
  2078 | D:3      | Reached XP level 5. HP: 36/36 MP: 5/5
  2148 | D:3      | Noticed Natasha
  2167 | D:3      | Killed Natasha
  2175 | D:3      | Noticed Natasha
  2197 | D:3      | Killed Natasha
  2197 | D:3      | Reached skill level 3 in Maces & Flails
  2463 | D:3      | Found a hazy altar of Hepliaklqana.
  2833 | D:4      | Noticed an orc warrior
  2839 | D:4      | HP: 5/54 [orc priest/nerve-wracking pain (2)]
  2843 | D:4      | Killed from afar by an orc priest

Vault maps used:
D:1:      dpeg_arrival_water_fire
D:3:      overflow_temple_1_default, wad_rectangle_vault, uniq_natasha
D:4:      kennysheep_generic_room_5

Skill      XL: |  1  2  3  4  5 |
---------------+----------------+-----
Fighting       | 4 5 6 |  6.0
Maces & Flails | 3 |  3.3
Armour         | |  3.2
Shields        | |  3.2

Action                   |  1- 3 |  4- 6 || total
-------------------------+-------+-------++-------
Melee: Flail             |    84 |   232 ||   316
  Use: Scroll            |     8 |     1 ||     9
       Potion            |       |     2 ||     2
  Eat: Chunk             |     1 |     6 ||     7
Armor: Scale mail        |    49 |       ||    49
       Plate armour      |     6 |   174 ||   180
Dodge: Dodged            |    19 |    21 ||    40
Block: Shield            |    54 |   141 ||   195
